 Dungeon Crawl Stone Soup version 0.22.0-75-g3901e7991e (webtiles) character file.

24278 Revguard the Cleaver (level 12, -2/115 HPs)
             Began as a Minotaur Fighter on Sept 15, 2018.
             Was the Champion of Okawaru.
             Engulfed by a ghost crab's spectral mist (13 damage)
             ... on level 2 of the Swamp.
             The game lasted 01:06:13 (12401 turns).

Revguard the Cleaver (Minotaur Fighter)            Turns: 12401, Time: 01:06:14

Health: -2/115     AC: 18    Str: 23    XL:     12   Next: 79%
Magic:  18/19      EV: 17    Int:  8    God:    Okawaru [******]
Gold:   1211       SH:  9    Dex: 20    Spells: 14/22 levels left

rFire    + . .     SeeInvis .   A - +7 flail of the Ninety-Nine Moons {holy, Str+2 Dex+4}
rCold    . . .     Gourm    .   J - +2 buckler
rNeg     . . .     Faith    .   Q - +1 chain mail {rPois}
rPois    +         Spirit   .   (helmet unavailable)
rElec    .         Reflect  .   B - scarf {repulsion}
rCorr    .         Harm     .   x - +1 pair of gloves
MR       .....     Clarity  +   t - +1 pair of boots
Stlth    ..........             h - amulet of regeneration
HPRegen  0.69/turn              K - +5 ring of evasion
MPRegen  0.16/turn              b - ring of Ficesot {rPois rF+ Dex+4}

@: studying Armour, repel missiles
A: retaliatory headbutt, horns 3, clarity, robust 1
a: Heroism, Finesse, Renounce Religion


You were on level 2 of the Swamp.
You worshipped Okawaru.
Okawaru was exalted by your worship.
You were very hungry.

You visited 4 branches of the dungeon, and saw 16 of its levels.
You also visited: Bailey.

You collected 1882 gold pieces.
You spent 671 gold pieces at shops.

Inventory:

Hand Weapons
 w - a +5 war axe
 A - the +7 flail of the Ninety-Nine Moons (weapon) {holy, Str+2 Dex+4}
   (You found it on level 10 of the Dungeon)

   It has been blessed by the Shining One to cause great damage to the undead
   and demons.
   It affects your strength (+2).
   It affects your dexterity (+4).
 T - the +6 great mace of Okawaru's Benevolence {distort, +Fly}
   (Okawaru gifted it to you on level 2 of the Lair of Beasts)

   It warps and distorts space around it.
   Unwielding it can cause banishment or high damage.
   It lets you fly.
Armour
 t - a +1 pair of boots (worn)
 x - a +1 pair of gloves (worn)
 B - a scarf of repulsion (worn)
 J - a +2 buckler (worn)
 Q - a +1 chain mail of poison resistance (worn)
Jewellery
 b - the ring of Ficesot (right hand) {rPois rF+ Dex+4}
   (You bought it in a shop on level 11 of the Dungeon)

   [ring of poison resistance]

   It affects your dexterity (+4).
   It protects you from fire.
   It protects you from poison.
 g - a +4 ring of dexterity
 h - an amulet of regeneration (around neck)
 i - an uncursed ring of wizardry
 q - an uncursed ring of positive energy
 s - an uncursed ring of ice
 u - an uncursed ring of fire
 K - a +5 ring of evasion (left hand)
 R - an uncursed ring of fire
 S - an uncursed ring of protection from magic
Wands
 c - a wand of polymorph (5)
 l - a wand of acid (7)
 n - a wand of flame (12)
 D - a wand of paralysis (12)
 G - a wand of iceblast (10)
 O - a wand of clouds (4)
 P - a wand of digging (26)
 W - a wand of random effects (18)
Scrolls
 e - a scroll of fog
 p - a scroll of enchant armour
 r - 2 scrolls of magic mapping
 v - a scroll of fear
 y - 6 scrolls of remove curse
 C - 4 scrolls of blinking
 E - 2 scrolls of amnesia
 H - 5 scrolls of teleportation
 I - a scroll of summoning {unknown}
 U - a scroll of enchant weapon {unknown}
 V - a scroll of identify
Potions
 a - a potion of agility
 j - 9 potions of flight
 k - 3 potions of curing
 m - a potion of cancellation
 o - 3 potions of haste
 z - 4 potions of resistance
 F - 4 potions of brilliance
 M - a potion of invisibility {unknown}
 N - a potion of mutation
Books
 d - a manual of Armour
Miscellaneous
 L - 2 boxes of beasts
Comestibles
 f - 27 rations


   Skills:
 + Level 9.4 Fighting
 - Level 11.0(12.2) Axes
 + Level 8.9(11.2) Maces & Flails
 + Level 11.0 Armour
 + Level 5.0 Dodging
 - Level 0.1 Stealth
 + Level 9.8 Shields
 * Level 5.9 Spellcasting
 * Level 4.5 Charms
   Level 3.3 Necromancy
 + Level 1.0 Invocations
 + Level 1.1 Evocations


You had 14 spell levels left.
You knew the following spells:

 Your Spells              Type           Power        Failure   Level  Hunger
b - Fireball              Conj/Fire      #.........   100%        5    ######.
c - Infusion              Chrm           #...         21%         1    #......
d - Song of Slaying       Chrm           #.......     30%         2    ##.....

Your spell library contained the following spells:

 Spells                   Type           Power        Failure   Level  Hunger
 Regeneration             Chrm/Necr      #.........   58%         3    ###....
 Shroud of Golubria       Chrm/Tloc      #.........   61%         2    ##.....
 Apportation              Tloc           #.....       78%         1    #......
 Confusing Touch          Hex            #.....       78%         1    #......
 Flame Tongue             Conj/Fire      #....        78%         1    #......
 Sting                    Conj/Pois      #...         78%         1    #......
 Summon Butterflies       Summ           #.......     78%         1    #......
 Spectral Weapon          Hex/Chrm       #.......     83%         3    ###....
 Poisonous Vapours        Pois/Air       #.....       89%         2    ##.....
 Throw Flame              Conj/Fire      #.....       89%         2    ##.....
 Animate Dead             Necr           N/A          97%         4    #####..
 Call Canine Familiar     Summ           #.......     98%         3    ###....
 Confuse                  Hex            #.......     98%         3    ###....
 Conjure Flame            Conj/Fire      #.......     98%         3    ###....
 Gell's Gravitas          Tloc           #.........   98%         3    ###....
 Inner Flame              Hex/Fire       #.......     98%         3    ###....
 Lesser Beckoning         Tloc           #.........   98%         3    ###....
 Mephitic Cloud           Conj/Pois/Air  #.......     98%         3    ###....
 Recall                   Summ/Tloc      N/A          98%         3    ###....
 Tukima's Dance           Hex            #.......     98%         3    ###....
 Olgreb's Toxic Radiance  Pois           #.......     100%        4    #####..
 Petrify                  Tmut/Erth      #.......     100%        4    #####..
 Sticky Flame             Conj/Fire      #.......     100%        4    #####..
 Summon Ice Beast         Ice/Summ       #.......     100%        4    #####..
 Alistair's Intoxication  Tmut/Pois      #.......     100%        5    ######.
 Borgnjor's Vile Clutch   Necr/Erth      #.........   100%        5    ######.
 Metabolic Englaciation   Hex/Ice        #.........   100%        5    ######.
 Summon Mana Viper        Hex/Summ       #.......     100%        5    ######.
 Venom Bolt               Conj/Pois      #.........   100%        5    ######.
 Yara's Violent Unravell  Hex/Tmut       #.........   100%        5    ######.
 Death Channel            Necr           #.........   100%        6    #######
 Invisibility             Hex            #.......     100%        6    #######
 Simulacrum               Ice/Necr       #.........   100%        6    #######
 Summon Hydra             Summ           #.........   100%        7    #######


Dungeon Overview and Level Annotations

Branches:
Dungeon (11/15)            Temple (1/1) D:5            Lair (2/6) D:11
  Swamp (2/4) Lair:2
  Snake: Lair:2-4    Spider: Lair:2-4       Orc: D:9-12

Altars:
Ashenzari
Cheibriados
Dithmenos
Elyvilon
Fedhas
Gozag
Hepliaklqana
Kikubaaqudgha
Makhleb
Nemelex Xobeh
Okawaru
Qazlal
Ru
Sif Muna
Trog
Uskayaw
Vehumet
Wu Jian
Xom
Yredelemnul
Zin
The Shining One

Shops:
D:4 [   D:6 }   D:7 *   D:8 %   D:11 (=*


Innate Abilities, Weirdness & Mutations

You reflexively headbutt those who attack you in melee.
You have a pair of large horns on your head.
You possess an exceptional clarity of mind.
You are robust. (+10% HP)


Message History

You thump the tyrant leech! You headbutt the tyrant leech!
The tyrant leech is severely wounded.
You sock the tyrant leech! Your headbutt misses the tyrant leech.
The tyrant leech is almost dead.
The tyrant leech misses you. You furiously retaliate!
You headbutt the tyrant leech!
You kill the tyrant leech!
Okawaru accepts your kill.
You start resting.
A ghost crab comes into view.
You enter the shallow water.
Moving in this stuff is going to be slow.
Your magical contamination has completely faded away.
You feel like a meek peon again.
The ghost crab breathes spectral mist at you.
The spectral mist engulfs you!
The ghost crab breathes spectral mist at you.
The spectral mist engulfs you!
You are engulfed in spectral mist.
You die...

.≈≈ ♣♣≈t..♣
.≈.. ♣≈.§≈♣
.≈≈≈♣♣♣♣.§.≈♣
.≈≈≈≈♣≈..§.♣♣
..≈≈.≈≈≈§≈.♣
..≈≈≈.≈≈§§♣♣
..≈≈≈.§§§.♣
.≈...§≈§§♣♣
...♣..§@§♣
♣♣≈≈.♣♣ ♣....
♣.≈≈.♣ ♣≈..≈♣
♣≈♣..♣ ♣§≈..♣
♣.≈...


There were no monsters in sight!

Vanquished Creatures
  The ghost of Kyhiywk the Peltast, an adept DsFi of Cheibriados (Swamp:1)
  The ghost of Xecimisump the Fighter, a journeyman DrMo of Cheibriados (Swamp:1)
  The ghost of Rofub the Unseen, a journeyman SpEn of Dithmenos (Swamp:1)
  Harold (D:11)
  5 hydras
  3 two-headed ogres
  A swamp dragon (Swamp:1)
  An orc knight (Bailey)
  An ugly thing (D:11)
  2 spiny frogs
  3 komodo dragons
  A troll (D:10)
  2 tyrant leeches (Swamp:2)
  4 blink frogs (Lair:2)
  3 hippogriffs
  2 bog bodies
  3 wyverns
  A human (D:8)
  2 hogs (D:8)
  A basilisk (Lair:2)
  A wraith (D:10)
  10 yaks
  Menkaure (D:4)
  4 swamp worms
  2 water moccasins (Lair:1)
  A sky beast (D:11)
  6 porcupines
  2 ice beasts
  3 swamp drakes (Swamp:1)
  11 orc warriors
  3 ogres
  A phantom (D:5)
  A centaur (D:5)
  10 wolves
  3 crocodiles
  A big kobold (D:9)
  14 bullfrogs
  3 scorpions
  The ghost of ColeusSanctus the Charmwright, a weakling DsSk (D:3)
  4 killer bees (D:10)
  4 wights (D:10)
  An electric eel (Lair:1)
  4 crimson imps
  2 bullfrog zombies (D:10)
  4 hounds
  3 jellies
  4 orc priests
  8 orc wizards
  A centaur skeleton (D:5)
  Jessica (D:2)
  3 iguanas
  8 worker ants
  A centaur simulacrum (D:3)
  7 adders
  3 gnolls (D:4)
  A hound simulacrum (D:3)
  2 shadow imps (D:11)
  2 oozes
  An adder skeleton (D:4)
  4 worms
  5 dart slugs
  An adder simulacrum (D:3)
  2 leopard geckos (D:4)
  33 orcs
  7 bats
  6 giant cockroaches
  6 hobgoblins
  10 jackals
  5 quokkas
  12 frilled lizards
  2 giant cockroach simulacra (D:3)
  15 goblins
  16 kobolds
  5 rats
  A bush (D:8)
  A fungus (Lair:2)
  A plant (D:11)
313 creatures vanquished.

Vanquished Creatures (others)
  A tyrant leech (Swamp:1)
  2 fungi (Lair:2)
  A plant (D:11)
  A withered plant (Swamp:1)
5 creatures vanquished.

Grand Total: 318 creatures vanquished

Notes
Turn   | Place    | Note
-------+----------+-------------------------------------------
     0 | D:1      | Revguard the Minotaur Fighter began the quest for the Orb.
     0 | D:1      | Reached XP level 1. HP: 19/19 MP: 0/0
    80 | D:1      | Reached XP level 2. HP: 27/27 MP: 1/1
   896 | D:2      | Reached XP level 3. HP: 33/33 MP: 2/2
  1168 | D:2      | Noticed Jessica
  1174 | D:2      | Killed Jessica
  1175 | D:2      | Reached XP level 4. HP: 36/41 MP: 3/3
  1619 | D:2      | Found a white marble altar of Elyvilon.
  1972 | D:3      | Found a shimmering altar of Xom.
  2341 | D:3      | Noticed ColeusSanctus's ghost (weakling DsSk)
  2380 | D:3      | Reached XP level 5. HP: 47/47 MP: 4/4
  2622 | D:3      | Found a runed gate.
  2622 | D:3      | Found a runed gate.
  2622 | D:3      | Found a runed gate.
  3151 | D:3      | Killed ColeusSanctus's ghost
  3151 | D:3      | Reached skill level 1 in Dodging
  3159 | D:3      | Reached skill level 5 in Axes
  3255 | D:4      | Reached XP level 6. HP: 54/55 MP: 5/5
  3547 | D:4      | Noticed Menkaure
  3560 | D:4      | Killed Menkaure
  3560 | D:4      | Reached skill level 5 in Fighting
  3560 | D:4      | Reached skill level 5 in Armour
  3939 | D:4      | Found Neckella's Antique Armour Boutique.
  4108 | D:5      | Entered Level 5 of the Dungeon
  4183 | D:5      | Reached skill level 1 in Spellcasting
  4183 | D:5      | Reached XP level 7. HP: 50/61 MP: 7/7
  4281 | D:5      | Reached skill level 5 in Shields
  4285 | D:5      | Found a staircase to the Ecumenical Temple.
  4286 | D:5      | Got a brightly glowing robe
  4383 | D:5      | Learned a level 4 spell: Animate Dead
  4391 | Temple   | Entered the Ecumenical Temple
  4552 | Temple   | Became a worshipper of Warmaster Okawaru
  4664 | D:5      | Reached XP level 8. HP: 68/69 MP: 9/9
  5192 | D:6      | Found Pataic's Gadget Shop.
  5273 | D:6      | Found a hide-covered altar of Uskayaw.
  5273 | D:6      | Found a sparkling altar of Nemelex Xobeh.
  5681 | D:7      | Reached skill level 1 in Necromancy
  5813 | D:7      | Reached * piety under Okawaru
  5871 | D:7      | Found Fycselis's General Store.
  5904 | D:7      | Bought a potion of mutation for 120 gold pieces
  5904 | D:7      | Gained mutation: You have a pair of large horns on your
                  | head. [potion of mutation]
  5904 | D:7      | Gained mutation: You possess an exceptional clarity of
                  | mind. [potion of mutation]
  5904 | D:7      | Gained mutation: You are robust. (+10% HP) [potion of
                  | mutation]
  5913 | D:7      | Found a bloodstained altar of Trog.
  6769 | D:8      | Noticed a hippogriff
  6789 | D:8      | Killed a hippogriff
  6789 | D:8      | Reached ** piety under Okawaru
  6879 | D:8      | Found Putud's Food Shoppe.
  6906 | D:8      | Noticed a two-headed ogre
  6916 | D:8      | Killed a two-headed ogre
  6916 | D:8      | Reached XP level 9. HP: 85/85 MP: 10/12
  7171 | D:8      | Learned a level 5 spell: Fireball
  7237 | D:8      | Reached *** piety under Okawaru
  7364 | D:9      | Found a flagged portal.
  7377 | Bailey   | Entered a bailey
  7390 | Bailey   | Reached **** piety under Okawaru
  7390 | Bailey   | Reached skill level 10 in Axes
  7417 | Bailey   | Reached XP level 10. HP: 72/92 MP: 11/14
  7476 | Bailey   | Noticed an orc knight
  7490 | Bailey   | Killed an orc knight
  7651 | D:9      | Learned a level 1 spell: Infusion
  7659 | D:9      | Learned a level 2 spell: Song of Slaying
  7885 | D:9      | Noticed a two-headed ogre
  7895 | D:9      | Killed a two-headed ogre
  7895 | D:9      | Reached ***** piety under Okawaru
  7895 | D:9      | Reached skill level 1 in Charms
  8250 | D:10     | Entered Level 10 of the Dungeon
  8259 | D:10     | Reached skill level 1 in Invocations
  8305 | D:10     | Reached skill level 1 in Evocations
  8380 | D:10     | Got a slimy flail
  8386 | D:10     | Identified the +7 flail of the Ninety-Nine Moons {holy,
                  | Str+2 Dex+4} (You found it on level 10 of the Dungeon)
  8457 | D:10     | Noticed a two-headed ogre
  8465 | D:10     | Killed a two-headed ogre
  8465 | D:10     | Reached skill level 1 in Maces & Flails
  8591 | D:10     | Received a gift from Okawaru
  8856 | D:11     | Noticed Harold
  8884 | D:11     | Killed Harold
  8884 | D:11     | Reached XP level 11. HP: 103/103 MP: 12/16
  8936 | D:11     | Found a staircase to the Lair.
  8939 | D:11     | Found Diucil's Antique Armour Emporium.
  8944 | D:11     | Found Ixuimm's General Store.
  8947 | D:11     | Noticed a purple ugly thing
  8957 | D:11     | Killed a purple ugly thing
  8999 | D:11     | Found Bairos's Jewellery Emporium.
  9026 | D:11     | Bought the ring of Ficesot {rPois rF+ Dex+4} for 551 gold
                  | pieces
  9185 | D:11     | Found Huel's Antique Weapon Emporium.
  9385 | Lair:1   | Entered Level 1 of the Lair of Beasts
  9494 | Lair:1   | Noticed a six-headed hydra
  9501 | Lair:1   | Killed a six-headed hydra
  9501 | Lair:1   | Reached skill level 5 in Maces & Flails
 10456 | Lair:2   | Reached skill level 5 in Spellcasting
 10595 | Lair:2   | Found a staircase to the Swamp.
 10612 | Lair:2   | Found a sacrificial altar of Ru.
 10622 | Lair:2   | Received a gift from Okawaru
 10625 | Lair:2   | Got a polished great mace {god gift}
 10636 | Lair:2   | Identified the +6 great mace of Okawaru's Benevolence
                  | {distort, +Fly} (Okawaru gifted it to you on level 2 of the
                  | Lair of Beasts)
 10687 | Lair:2   | Noticed a seven-headed hydra
 10698 | Lair:2   | Killed a seven-headed hydra
 10698 | Lair:2   | Reached XP level 12. HP: 59/113 MP: 14/18
 11060 | Swamp:1  | Entered Level 1 of the Swamp
 11061 | Swamp:1  | Noticed a five-headed hydra
 11069 | Swamp:1  | Killed a five-headed hydra
 11076 | Swamp:1  | Found a runed gate.
 11076 | Swamp:1  | Found a runed gate.
 11079 | Swamp:1  | Found a runed gate.
 11082 | Swamp:1  | Noticed Rofub's ghost (journeyman SpEn)
 11082 | Swamp:1  | Noticed Xecimisump's ghost (journeyman DrMo)
 11082 | Swamp:1  | Noticed Kyhiywk's ghost (adept DsFi)
 11138 | Swamp:1  | Killed Xecimisump's ghost
 11145 | Swamp:1  | Killed Rofub's ghost
 11256 | Swamp:1  | Killed Kyhiywk's ghost
 11256 | Swamp:1  | Received a gift from Okawaru
 11256 | Swamp:1  | Reached ****** piety under Okawaru
 11256 | Swamp:1  | Reached skill level 10 in Armour
 11286 | Swamp:1  | Noticed a seven-headed hydra
 11294 | Swamp:1  | Killed a seven-headed hydra
 11690 | Swamp:1  | Received a gift from Okawaru
 11690 | Swamp:1  | Reached skill level 5 in Dodging
 12359 | Swamp:2  | Noticed a four-headed hydra
 12383 | Swamp:2  | Killed a four-headed hydra
 12389 | Swamp:2  | HP: 3/115 [tyrant leech (20)]
 12395 | Swamp:2  | Noticed a ghost crab
 12401 | Swamp:2  | Engulfed by a ghost crab's spectral mist

Skill      XL: |  1  2  3  4  5  6  7  8  9 10 11 12 |
---------------+-------------------------------------+-----
Fighting       | 4 5 6 8 9 |  9.4
Armour         | 4 5 7 8 9 11 | 11.0
Shields        | 4 5 6 7 8 9 |  9.8
Axes           | 3 4 5 6 7 9 10 11 | 11.0
Dodging        | 1 2 3 4 5 |  5.0
Spellcasting   | 1 2 3 4 5 |  5.9
Necromancy     | 2 3 |  3.3
Charms         | 2 3 4 |  4.5
Invocations    | 1 |  1.0
Evocations     | 1 |  1.1
Maces & Flails | 3 7 8 |  8.9
Stealth        | |  0.1

Action                   |  1- 3 |  4- 6 |  7- 9 | 10-12 || total
-------------------------+-------+-------+-------+-------++-------
Melee: War axe           |    51 |   147 |   180 |    65 ||   443
       Headbutt          |     5 |    20 |    47 |   139 ||   211
       Flail             |       |       |       |   402 ||   402
 Cast: Infusion          |       |       |       |     3 ||     3
       Song of Slaying   |       |       |       |     1 ||     1
Invok: Heroism           |       |       |       |     2 ||     2
Evoke: Wand              |       |       |     2 |    11 ||    13
  Use: Scroll            |       |     6 |     5 |    13 ||    24
       Potion            |       |       |     1 |     8 ||     9
 Stab: Confused          |       |       |       |     1 ||     1
  Eat: Ration            |       |     3 |     3 |     3 ||     9
       Chunk             |       |     1 |     2 |     3 ||     6
Armor: Scale mail        |    35 |    67 |    47 |     3 ||   152
       Chain mail        |       |       |       |   184 ||   184
       Skin              |       |       |       |    19 ||    19
Dodge: Dodged            |    17 |    49 |    81 |   345 ||   492
       Deflected         |       |       |       |     5 ||     5
Block: Shield            |    38 |    76 |    35 |       ||   149
       Buckler           |       |       |    40 |   254 ||   294
